 Dungeon Crawl Stone Soup version 0.23-a0-81-g012e35b (webtiles) character file.

35 Letos the Twirler (level 3, 21/31 HPs)
             Began as a Gnoll Wanderer on Aug 13, 2018.
             Got out of the dungeon alive.
             The game lasted 00:02:23 (931 turns).

Letos the Twirler (Gnoll Wanderer)                   Turns: 931, Time: 00:02:23

Health: 21/31      AC:  2    Str: 17    XL:     3   Next: 33%
Magic:  7/7        EV: 13    Int: 12    God:
Gold:   51         SH:  4    Dex: 14    Spells: 4/7 levels left

rFire    . . .     SeeInvis .   b - +0 spear
rCold    . . .     Gourm    .   c - +0 buckler
rNeg     . . .     Faith    .   d - +0 robe
rPois    .         Spirit   .   (no helmet)
rElec    .         Reflect  .   (no cloak)
rCorr    .         Harm     .   (no gloves)
MR       .....                  (no boots)
Stlth    ++........             (no amulet)
HPRegen  0.10/turn              (no ring)
MPRegen  0.10/turn              (no ring)

@: no status effects
A: distributed training, fangs 1, strong nose
a: no special abilities


You escaped.
You were not hungry.

You visited 1 branch of the dungeon, and saw 1 of its levels.

You collected 51 gold pieces.

Inventory:

Hand Weapons
 b - a +0 spear (weapon)
Armour
 c - a +0 buckler (worn)
 d - a +0 robe (worn)
Jewellery
 g - a +4 ring of evasion {unknown}
Scrolls
 a - a scroll of enchant weapon {unknown}
 e - 4 scrolls of identify {unknown}
 h - a scroll of blinking {unknown}
 i - a scroll of enchant armour {unknown}
Comestibles
 f - 4 rations


   Skills:
 + Level 4.5 Fighting
 + Level 0.7 Short Blades
 + Level 0.7 Long Blades
 + Level 0.7 Axes
 + Level 0.7 Maces & Flails
 + Level 0.7 Polearms
 + Level 4.5 Staves
 + Level 0.7 Slings
 + Level 0.7 Bows
 + Level 0.7 Crossbows
 + Level 0.7 Throwing
 + Level 0.7 Armour
 + Level 2.6 Dodging
 + Level 2.3 Stealth
 + Level 2.6 Shields
 + Level 0.7 Unarmed Combat
 + Level 2.8 Spellcasting
 + Level 0.5 Conjurations
 + Level 0.5 Hexes
 + Level 0.5 Charms
 + Level 0.5 Summonings
 + Level 0.5 Necromancy
 + Level 0.5 Translocations
 + Level 0.5 Transmutations
 + Level 0.5 Fire Magic
 + Level 0.5 Ice Magic
 + Level 2.1 Air Magic
 + Level 0.5 Earth Magic
 + Level 2.1 Poison Magic
 + Level 0.9 Invocations
 + Level 0.7 Evocations


You had 4 spell levels left.
You knew the following spells:

 Your Spells              Type           Power        Failure   Level  Hunger
a - Magic Dart            Conj           #...         24%         1    #......
b - Blink                 Tloc           N/A          36%         2    ###....

Your spell library contained the following spells:

 Spells                   Type           Power        Failure   Level  Hunger
 Conjure Flame            Conj/Fire      #.......     58%         3    ###....
 Slow                     Hex            #.......     36%         2    ###....
 Mephitic Cloud           Conj/Pois/Air  #.......     43%         3    ###....
 Call Imp                 Summ           #.......     36%         2    ###....


Dungeon Overview and Level Annotations

Branches:
Dungeon (1/15)

Altars:


Innate Abilities, Weirdness & Mutations

Your experience applies equally to all skills.
You have very sharp teeth.
Your uncanny sense of smell can sniff out nearby items.


Message History

The goblin barely misses you.
You hit the goblin.
You kill the goblin!
No target in view!
No target in view!
No target in view!
No target in view!
No target in view!
No target in view!
No target in view!
No target in view!
No target in view!
No target in view!
You open the door.
There is an open door here.
There is an open door here.
There is an open door here.
There is a staircase leading out of the dungeon here.
Are you sure you want to leave the Dungeon?
This will make you lose the game!
You have escaped!

#...'.....#
#.8.#.....#
#...#....##
#...#....#
######.###
#####'#
#.....#
#.....#
#.@...#
#.....#
#.....#
#######


There were no monsters in sight!

Vanquished Creatures
  2 dart slugs (D:1)
  A leopard gecko (D:1)
  3 bats (D:1)
  A giant cockroach (D:1)
  4 goblins (D:1)
  A hobgoblin (D:1)
  3 jackals (D:1)
  5 kobolds (D:1)
  2 frilled lizards (D:1)
  5 rats (D:1)
27 creatures vanquished.

Notes
Turn   | Place    | Note
-------+----------+-------------------------------------------
     0 | D:1      | Letos the Gnoll Wanderer began the quest for the Orb.
     0 | D:1      | Letos set off with: a +0 spear, a +0 buckler, a +0 robe, a ration
     0 | D:1      | Reached XP level 1. HP: 20/20 MP: 4/4
    64 | D:1      | Learned a level 1 spell: Magic Dart
    72 | D:1      | Reached XP level 2. HP: 20/26 MP: 5/5
    80 | D:1      | Learned a level 2 spell: Blink
   788 | D:1      | Reached XP level 3. HP: 26/31 MP: 7/7
   931 | D:$      | Got out of the dungeon alive.

Vault maps used:
D:1:      dpeg_arrival_rooms_b, serial_bayou_lagoon_a

Skill      XL: |  1 |
---------------+----+-----
Air Magic      | 2 |  2.1
Poison Magic   | 2 |  2.1
Fighting       | |  4.5
Short Blades   | |  0.7
Long Blades    | |  0.7
Axes           | |  0.7
Maces & Flails | |  0.7
Polearms       | |  0.7
Staves         | |  4.5
Slings         | |  0.7
Bows           | |  0.7
Crossbows      | |  0.7
Throwing       | |  0.7
Armour         | |  0.7
Dodging        | |  2.6
Stealth        | |  2.3
Shields        | |  2.6
Unarmed Combat | |  0.7
Spellcasting   | |  2.8
Conjurations   | |  0.5
Hexes          | |  0.5
Charms         | |  0.5
Summonings     | |  0.5
Necromancy     | |  0.5
Translocations | |  0.5
Transmutations | |  0.5
Fire Magic     | |  0.5
Ice Magic      | |  0.5
Earth Magic    | |  0.5
Invocations    | |  0.9
Evocations     | |  0.7

Action                   || total
-------------------------++-------
Melee: Spear             ||    74
       Bite              ||     4
 Cast: Magic Dart        ||     6
 Stab: Sleeping          ||     7
Armor: Robe              ||     6
Dodge: Dodged            ||    22
Block: Buckler           ||    16

Table legend:
 A = Non-vault XP
 B = Vault XP
 C = Vault XP percentage of total XP
 D = Non-vault monster count
 E = Vault monster count
 F = Vault count percentage of total count
 G = Total turns spent on level
                 A         B        C        D         E       F
            +---------+---------+-------+---------+---------+-------
      Total |      50 |       0 |   0.0 |      27 |       0 |   0.0
            +---------+---------+-------+---------+---------+-------
        D:1 |      50 |       0 |   0.0 |      27 |       0 |   0.0
            +---------+---------+-------+---------+---------+-------
